 Dungeon Crawl Stone Soup version 0.30.0 (webtiles) character file.

Game seed: 16355194537544209044

59934 greasedhog the Warrior (level 14, -5/156 HPs)
             Began as a Gargoyle Berserker on May 7, 2023.
             Was the Champion of Trog.
             Killed by divine providence
             ... invoked by an orc priest
              (16 damage)
             ... on level 2 of the Orcish Mines.
             The game lasted 00:33:29 (19616 turns).

greasedhog the Warrior (Gargoyle Berserker)        Turns: 19616, Time: 00:33:30

Health: -5/156     AC: 39    Str: 26    XL:     14   Next: 97%
Magic:  14/14      EV:  8    Int:  6    God:    Trog [******]
Gold:   1753       SH:  5    Dex: 14    Spells: 13/13 levels left

rFire   + . .        M - +9 flail of Untruth {freeze, rC+ Int-2 Dex+5}
rCold   + . .        (no shield)
rNeg    + . .        T - +1 plate armour {Will+}
rPois   ∞            l - +2 helmet
rElec   +            m - +0 cloak
rCorr   .            s - +0 pair of gloves
SInv    .            f - +0 pair of boots
Will    ++++.        V - amulet of reflection Stlth
                     O - ring of protection from fire
HPRegen 1.46/turn    F - +4 ring of protection
MPRegen 0.14/turn

%: reflection
@: berserking (expiring), strong-willed, flying, regenerating, very quick
A: sickness immunity, AC +10, big wings, negative energy resistance 1,
electricity resistance, torment resistance 1, petrification resistance
a: Renounce Religion, Berserk, Trog's Hand, Brothers in Arms


You were on level 2 of the Orcish Mines.
You worshipped Trog.
Trog was exalted by your worship.
You visited 3 branches of the dungeon, and saw 20 of its levels.
You also visited: Bailey.

You collected 2263 gold pieces.
You spent 510 gold pieces at shops.

Inventory:

Hand Weapons
 M - the +9 flail of Untruth (weapon) {freeze, rC+ Int-2 Dex+5}
   (You found it on level 9 of the Dungeon)

   Int:       It affects your intelligence (-2).
   Dex:       It affects your dexterity (+5).
   rC:        It protects you from cold.
 S - a +2 eveningstar of holy wrath
 X - a +2 antimagic dire flail
Missiles
 u - 8 curare-tipped darts (quivered)
Armour
 f - a +0 pair of boots (worn)
 l - a +2 helmet (worn)
 m - a +0 cloak (worn)
 s - a +0 pair of gloves (worn)
 T - a +1 plate armour of willpower (worn)
Jewellery
 h - a ring of positive energy
 n - a ring of protection from fire
 q - a ring of ice
 z - a ring of willpower
 D - a ring of resist corrosion
 F - a +4 ring of protection (right hand)
 O - a ring of protection from fire (left hand)
 V - an amulet of reflection (around neck)
Wands
 w - a wand of polymorph (9)
 A - a wand of roots (20)
 C - a wand of flame (75)
 E - a wand of quicksilver (11)
 H - a wand of digging (17)
Scrolls
 a - 9 scrolls of fear
 b - 2 scrolls of silence
 d - 2 scrolls of immolation
 e - 10 scrolls of teleportation
 g - 2 scrolls of enchant weapon
 j - a scroll of torment
 k - 4 scrolls of poison
 p - 3 scrolls of enchant armour
 v - 2 scrolls of fog
 x - 2 scrolls of identify
 y - 2 scrolls of blinking
 J - 3 scrolls of brand weapon
 U - a scroll of magic mapping
Potions
 c - 4 potions of mutation
 i - 8 potions of curing
 o - 9 potions of heal wounds
 r - 2 potions of resistance
 t - a potion of magic
 B - 5 potions of attraction
 G - 3 potions of lignification
 I - a potion of invisibility
 K - 2 potions of ambrosia {unknown}
 N - 5 potions of degeneration {unknown}
 Q - a potion of cancellation {unknown}
 Y - a potion of haste {unknown}
 Z - a potion of might
Miscellaneous
 W - a lightning rod (4/4)


   Skills:
 * Level 18.8 Fighting
 - Level 16.0 Maces & Flails
 + Level 12.8 Armour
 - Level 1.5 Dodging


You had 13 spell levels left.
You didn't know any spells.
Your spell library was empty.

Dungeon Overview and Level Annotations

Branches:
Dungeon (13/15)            Temple (0/1) D:5            Lair (5/5) D:8
 Shoals (0/4) Lair:3       Spider (0/4) Lair:3        Slime (0/5) Lair:5
    Orc (2/2) D:12            Elf (0/3) Orc:2        Bailey (visited)
 Vaults: D:13-14

Altars:
Dithmenos
Ru
Sif Muna
Uskayaw
Yredelemnul
Zin
The Shining One
Jiyva

Shops:
D:1 =   D:3 !   D:4 *   D:12 (   Orc:2 [

Portals:
Abyss: D:6

Annotations:
D:8 6 transporters


Innate Abilities, Weirdness & Mutations

You are immune to sickness and miasma.
Your stone body is resilient. (AC +10)
You are immune to poison.
Your large and strong wings let you fly.
You resist negative energy. (rN+)
You are resistant to electric shocks. (rElec)
You are resistant to unholy torment.
You are immune to petrification.


Message History

Unknown command.
You closely miss the orc warrior.
The orc warrior is heavily wounded.
Unknown command.
You hit the orc warrior. You freeze the orc warrior.
The orc warrior is severely wounded.
The orc warrior hits you with a +0 flail.
* * * LOW HITPOINT WARNING * * *
The orc priest hits you but does no damage.
The orc priest invokes the aid of Beogh against you.
Beogh smites you!
* * * LOW HITPOINT WARNING * * *
The orc wizard gestures at you while chanting.
The magic dart hits you but does no damage.
The orc wizard gestures wildly while chanting.
The orc wizard flickers and vanishes!
Something hits you but does no damage. You block the orc's attack.
Okay, then.
You barely miss the orc warrior.
The orc warrior is severely wounded.
You hit the orc warrior. You freeze the orc warrior.
The orc warrior is almost dead.
The orc warrior hits you but does no damage.
The orc priest hits you but does no damage. x2
The orc wizard hits you with a +0 dagger.
* * * LOW HITPOINT WARNING * * *
Something hits you but does no damage.
The orc high priest mumbles some strange prayers to Beogh.
The orc priest begins to cast a cantrip, but forgets the words!
The orc priest calls down the wrath of Beogh upon you.
Beogh smites you!
* * * LOW HITPOINT WARNING * * *
You bludgeon the orc warrior!! You freeze the orc warrior.
You feel the power of Trog in you as your rage grows.
You kill the orc warrior!
Trog accepts your kill.
You barely miss something.
The orc priest invokes the aid of Beogh against you.
Beogh smites you!
You die...

.#.#...............#
.....
...................#
....#
.#.............$...#..{.
.#.................#o.#
....................oo#
............##....{o..#
##.............)ooo..3#
##.............o))o#..#
#.............))@o.#..{.#
#......##.##...{)..#
...o#
...#....###........#
..o.o
#.##...###.........# ...o
#####...###........# ....
#.##...## ###.......#
.......# ###......
#.....## ###.#...
###....#


You could see a soul eater (summoned), an orc high priest, 6 orc priests, 2 orc
wizards and an orc.

Vanquished Creatures
  The ghost of Elebi the Grappler, a journeyman DrTm of Yredelemnul (Lair:2)
  A great orb of eyes (D:11)
  The ghost of Mangosteen the Spear-Bearer, a journeyman GnCA of Ignis (D:11)
  Fannar (D:12)
  A centaur warrior (D:11)
  3 two-headed ogres
  Erica (D:8)
  2 boulder beetles
  A death yak (Lair:4)
  Urug (Lair:2)
  An orc high priest (Orc:2)
  4 skysharks
  A lindwurm (Lair:5)
  3 orc knights
  3 cyclopes
  An ugly thing (D:12)
  3 deep elf pyromancers
  A wolf spider (Lair:5)
  2 orc sorcerers (Orc:2)
  An oklob plant (Lair:2)
  2 manticores (D:13)
  10 black mambas
  Maurice (D:8)
  Joseph (D:8)
  6 elephants
  15 cane toads
  Maggie (D:8)
  3 rime drakes
  The ghost of Midpoint the Slasher, a novice TeRe of Makhleb (D:6)
  3 komodo dragons
  An ancient zyme (D:6)
  6 trolls
  5 hornets
  A polar bear (Lair:1)
  4 dream sheep (Lair:4)
  2 slime creatures
  A vampire (D:10)
  6 wyverns
  12 spriggans (Lair:4)
  A wraith (D:11)
  34 yaks
  Sigmund (D:10)
  3 shadows
  4 basilisks
  2 humans (D:10)
  Eustachio (D:4)
  A redback (Lair:5)
  2 steam dragons
  4 vampire mosquitoes (D:11)
  Edmund (D:3)
  3 wargs
  An acid dragon (D:10)
  2 small abominations (D:6)
  2 sky beasts
  30 water moccasins
  7 black bears
  28 orc warriors
  An ice beast (D:7)
  8 ogres
  3 boggarts (Lair:4)
  16 wolves
  9 centaurs
  2 phantoms (D:5)
  10 kobold brigands
  9 bullfrogs
  5 gnoll sergeants
  2 scorpions (D:8)
  6 wights
  5 electric eels
  A howler monkey (D:11)
  9 hounds
  17 orc priests
  15 jellies
  Crazy Yiuf (D:2)
  Jessica (D:2)
  5 iguanas
  17 orc wizards
  Robin (D:2)
  21 gnolls
  3 adders
  2 river rats (D:4)
  A shadow imp (D:6)
  3 white imps (D:6)
  An ufetubus (D:4)
  2 worms
  4 dart slugs
  66 orcs
  6 ball pythons
  8 endoplasms
  18 goblins
  5 hobgoblins
  5 jackals
  5 quokkas
  3 bats (D:1)
  2 frilled lizards
  27 kobolds
  2 rats
568 creatures vanquished.

Vanquished Creatures (collateral kills)
  A guardian serpent (Lair:5)
  2 black mambas (Lair:5)
  A cane toad (Lair:5)
  A redback (Lair:5)
5 creatures vanquished.

Vanquished Creatures (others)
  An orc wizard (Orc:2)
  12 fungi
  30 plants
43 creatures vanquished.

Grand Total: 616 creatures vanquished

Notes
Turn   | Place    | Note
-------+----------+-------------------------------------------
     0 | D:1      | greasedhog the Gargoyle Berserker began the quest for the
                  | Orb.
     0 | D:1      | Reached XP level 1. HP: 14/14 MP: 1/1
   110 | D:1      | Reached XP level 2. HP: 16/19 MP: 2/2
   700 | D:1      | Reached XP level 3. HP: 24/24 MP: 3/3
   705 | D:1      | Found Hust's Jewellery Shop.
  1137 | D:2      | Reached ** piety under Trog
  1209 | D:2      | Found a faded altar of an unknown god.
  1246 | D:2      | Found a runed translucent door.
  1247 | D:2      | Noticed Crazy Yiuf
  1367 | D:2      | Noticed Jessica
  1378 | D:2      | Killed Jessica
  1379 | D:2      | Reached skill level 4 in Fighting
  1379 | D:2      | Reached XP level 4. HP: 27/29 MP: 4/4
  1404 | D:2      | Identified the +5 sling "Uloin" {speed, rF+ Str+2 Dex-5
                  | SInv}
  1404 | D:2      | Noticed Robin
  1417 | D:2      | Killed Robin
  1470 | D:2      | Paralysed by Crazy Yiuf for 3 turns
  1474 | D:2      | Killed Crazy Yiuf
  1961 | D:2      | Found a shimmering blue altar of Sif Muna.
  2007 | D:3      | Reached XP level 5. HP: 34/34 MP: 5/5
  2233 | D:3      | Found a sacrificial altar of Ru.
  2378 | D:3      | Found Jeeluh's Distillery.
  2501 | D:3      | Reached skill level 5 in Maces & Flails
  2537 | D:3      | Bought a potion of curing for 42 gold pieces
  2730 | D:3      | Noticed a kobold brigand
  2732 | D:3      | Noticed a kobold brigand
  2799 | D:3      | Killed a kobold brigand
  2814 | D:3      | Killed a kobold brigand
  2815 | D:3      | Reached skill level 5 in Fighting
  2815 | D:3      | Reached XP level 6. HP: 30/40 MP: 6/6
  2941 | D:4      | Noticed Edmund
  3012 | D:3      | Killed Edmund
  3226 | D:4      | Found Hoakku's Assorted Antiques.
  3281 | D:4      | Noticed Eustachio
  3299 | D:4      | Killed Eustachio
  3300 | D:4      | Reached XP level 7. HP: 44/45 MP: 7/7
  3540 | D:4      | Reached skill level 6 in Fighting
  4291 | D:5      | Entered Level 5 of the Dungeon
  4300 | D:5      | Reached *** piety under Trog
  4301 | D:5      | Reached XP level 8. HP: 52/52 MP: 8/8
  4479 | D:5      | Found a staircase to the Ecumenical Temple.
  4485 | D:5      | Reached skill level 7 in Fighting
  4494 | D:5      | Found a glowing golden altar of the Shining One.
  4689 | D:5      | Found a basalt altar of Yredelemnul.
  5064 | D:6      | Found a transporter.
  5202 | D:6      | Noticed Midpoint's ghost (novice TeRe)
  5204 | D:6      | Found a transporter.
  5282 | D:6      | Reached XP level 9. HP: 57/59 MP: 9/9
  5392 | D:6      | Reached skill level 8 in Fighting
  5441 | D:6      | Found a one-way gate to the infinite horrors of the Abyss.
  5441 | D:6      | Noticed an ancient zyme
  5488 | D:6      | Reached skill level 10 in Maces & Flails
  5522 | D:6      | Found a hide-covered altar of Uskayaw.
  6393 | D:7      | Found a flagged portal.
  6411 | Bailey   | Entered a bailey
  6468 | Bailey   | Noticed an orc knight
  6481 | Bailey   | Killed an orc knight
  6482 | Bailey   | Reached skill level 9 in Fighting
  6559 | Bailey   | Reached **** piety under Trog
  6709 | Bailey   | Found a large runed translucent door.
  6709 | Bailey   | Found a large runed translucent door.
  6710 | Bailey   | Noticed a deep elf pyromancer
  6821 | Bailey   | Killed a deep elf pyromancer
  6822 | Bailey   | Reached XP level 10. HP: 58/66 MP: 10/10
  6839 | Bailey   | Identified the amulet of Tecank {Acrobat rElec}
  7456 | D:8      | Noticed Maurice
  7463 | D:8      | Killed Maurice
  7578 | D:8      | Found a transporter.
  7579 | D:8      | Found a transporter.
  7676 | D:8      | Found a transporter.
  7680 | D:8      | Found a transporter.
  7719 | D:8      | Reached skill level 10 in Fighting
  7928 | D:8      | Found a staircase to the Lair.
  7979 | D:8      | Found a transporter.
  7980 | D:8      | Noticed Maggie
  7986 | D:8      | Killed Maggie
  7987 | D:8      | Found a transporter.
  8314 | D:8      | Noticed Erica
  8329 | D:8      | Killed Erica
  8419 | D:9      | Identified the +9 flail of Untruth {freeze, rC+ Int-2
                  | Dex+5}
  8902 | D:9      | Identified a scroll of acquirement
  8903 | D:9      | Acquired 691 gold pieces
  8961 | D:9      | Reached XP level 11. HP: 56/73 MP: 11/11
  8966 | D:9      | Reached skill level 11 in Fighting
  9123 | D:10     | Entered Level 10 of the Dungeon
  9253 | D:10     | Reached ***** piety under Trog
  9301 | D:10     | Noticed Sigmund
  9308 | D:10     | Killed Sigmund
  9712 | D:10     | Noticed a two-headed ogre
  9719 | D:10     | Killed a two-headed ogre
  9792 | D:10     | You fall into a shaft and drop 3 floors!
  9957 | D:13     | Noticed a manticore
  9967 | D:13     | Killed a manticore
 10005 | D:13     | Found a shadowy altar of Dithmenos.
 10038 | D:13     | Noticed a manticore
 10047 | D:13     | Killed a manticore
 10068 | D:12     | Noticed a cyan ugly thing
 10077 | D:12     | Killed a cyan ugly thing
 10078 | D:12     | Reached skill level 5 in Armour
 10086 | D:12     | Noticed a deep elf pyromancer
 10269 | D:11     | Reached skill level 15 in Maces & Flails
 10403 | D:10     | Received a gift from Trog
 10475 | D:10     | Noticed a cyclops
 10477 | D:10     | Noticed a deep elf pyromancer
 10490 | D:10     | Killed a cyclops
 10501 | D:10     | Killed a deep elf pyromancer
 10718 | D:11     | Noticed a cyclops
 10726 | D:11     | Noticed a boulder beetle
 10729 | D:11     | Killed a cyclops
 10730 | D:11     | Reached XP level 12. HP: 78/80 MP: 12/12
 10740 | D:11     | Killed a boulder beetle
 10842 | D:11     | Found a glowing silver altar of Zin.
 10892 | D:11     | Noticed a centaur warrior
 10902 | D:11     | Killed a centaur warrior
 10924 | D:11     | Found a runed translucent gate.
 10924 | D:11     | Found a runed translucent gate.
 10924 | D:11     | Found a runed translucent gate.
 10926 | D:11     | Noticed a great orb of eyes
 10930 | D:11     | Noticed Mangosteen's ghost (journeyman GnCA)
 10944 | D:11     | Reached skill level 12 in Fighting
 10945 | D:11     | Noticed a two-headed ogre
 10954 | D:11     | Killed a two-headed ogre
 11169 | D:11     | Found a viscous altar of Jiyva.
 11404 | D:6      | Killed Midpoint's ghost
 11728 | D:11     | Killed a great orb of eyes
 11731 | D:11     | Killed Mangosteen's ghost
 11732 | D:11     | Reached skill level 13 in Fighting
 11921 | D:12     | Found Sion's Weapon Shoppe.
 11929 | D:12     | Bought a +2 eveningstar of holy wrath for 468 gold pieces
 11966 | D:12     | Noticed a two-headed ogre
 11980 | D:12     | Killed a two-headed ogre
 12070 | D:12     | Noticed Fannar
 12090 | D:12     | Killed Fannar
 12113 | D:12     | Found a staircase to the Orcish Mines.
 12118 | D:12     | Reached skill level 14 in Fighting
 12366 | D:12     | Noticed a boulder beetle
 12378 | D:12     | Killed a boulder beetle
 12462 | D:12     | Reached XP level 13. HP: 89/90 MP: 13/13
 12717 | Lair:1   | Entered Level 1 of the Lair of Beasts
 12717 | Lair:1   | Noticed Joseph
 12732 | D:8      | Killed Joseph
 13155 | Lair:1   | Reached skill level 15 in Fighting
 13735 | Lair:2   | Noticed Elebi's ghost (journeyman DrTm)
 13735 | Lair:2   | Found a transporter.
 13747 | Lair:2   | Reached skill level 10 in Armour
 13751 | Lair:2   | Found a transporter.
 13773 | Lair:2   | Noticed Urug
 13788 | Lair:2   | Killed Urug
 14473 | Lair:2   | Killed Elebi's ghost
 14704 | Lair:3   | Received a gift from Trog
 14705 | Lair:3   | Reached skill level 16 in Fighting
 14905 | Lair:3   | Found a hole to the Spider Nest.
 14963 | Lair:3   | Found a staircase to the Shoals.
 15672 | Lair:4   | Gained mutation: Your large and strong wings let you fly.
                  | [Gargoyle growth]
 15672 | Lair:4   | Reached XP level 14. HP: 94/100 MP: 14/14
 15938 | Lair:4   | Reached skill level 17 in Fighting
 16637 | Lair:5   | Entered Level 5 of the Lair of Beasts
 16876 | Lair:5   | Found a staircase to the Slime Pits.
 17407 | Lair:5   | Reached skill level 18 in Fighting
 18005 | Lair:5   | Received a gift from Trog
 18485 | Orc:1    | Entered Level 1 of the Orcish Mines
 18560 | Orc:1    | Reached ****** piety under Trog
 18726 | Orc:2    | Entered Level 2 of the Orcish Mines
 18726 | Orc:2    | Found a staircase to the Elven Halls.
 19139 | Orc:2    | Found Can Oco's Armour Shop.
 19600 | Orc:2    | Received a gift from Trog
 19616 | Orc:2    | Killed from afar by an orc priest

Illustrated notes

Levels and vault maps discovered:
D:1:      wheals_arrival_shading, layout_basic, serial_shops,
          nicolae_shop_gaudy_bauble, serial_bayou_lake_a
D:2:      layout_loops_cross, basic_altar, nicolae_ecumenical_pavilion,
          uniq_robin, uniq_crazy_yiuf_cottage, uniq_jessica
D:3:      cheibrodos_thug_alley, layout_basic, nicolae_overflow_crystal_walls,
          serial_shops, shop
D:4:      layout_basic, serial_shops, shop, cheibrodos_sewer_entry_sluice,
          uniq_eustachio, uniq_edmund
D:5:      layout_rooms, lemuel_doored_altar, kennysheep_mini,
          minmay_temple_entry_butterflies
D:6:      layout_basic, mainiacjoe_overflow_alcove_2,
          gammafunk_ghost_abyssal_escape, minivault_23,
          corexii_leaking_fountain, minmay_unpleasant_kobolds
D:7:      layout_cave_pods, enter_bailey_3
D:8:      layout_basic, grunt_lair_entry_orc_guard_hut, serial_nicolae_subway,
          nicolae_sub_station_stone, nicolae_sub_station_crystal,
          nicolae_sub_station_metal, uniq_maggie, uniq_erica, uniq_maurice
D:9:      layout_irregular_city
D:10:     erik_cavepeople, layout_irregular_city,
          amcnicky_mini_corridor_feature, minmay_radiant
D:11:     nicolae_cairo_tiling_large_dashed, layout_basic, gammafunk_ghost_ooze,
          zin_treasury
D:12:     layout_basic, kennysheep_orc_monster_closet_entryway, serial_shops,
          nicolae_shop_bloodbath_and_beyond, serial_glass, glass_columns_b,
          glass_columns_c, feat_on_display, minmay_strange_pillars, uniq_fannar
D:13:     layout_grid_maze, nicolae_dithmenos_shadow_blocks
Lair:1:   layout_roguey, beast_lair_carwin_2, grunt_megastairs_1,
          infiniplex_staircase_pool, uniq_joseph
Lair:2:   layout_cave_shapes, gammafunk_ghost_arena, disabler_island, uniq_urug
Lair:3:   layout_regular_city, elwin_shoals_entry_rocks, dummy_spider_entry,
          grunt_forest_small_clearing_treed, serial_bayou_shore_b
Lair:4:   kb_forest_paths, layout_misc_corridors, beast_lair_carwin_1
Lair:5:   hangedman_lair_tendril_chambers, layout_cellular_growth,
          minmay_slime_entry_jelly_boxes
Orc:1:    dreamdust_wu_jian_sword_trials, layout_caves, basic_altar,
          ebering_ghost_xom, mines2_lemuel
Orc:2:    st_orc_mages, layout_caves, serial_shops, nicolae_shop_waterfront,
          kennysheep_orc_chapel

Skill      XL: |  1  2  3  4  5  6  7  8  9 10 11 12 13 14 |
---------------+-------------------------------------------+-----
Maces & Flails | 4 5 6 7 9 11 13 15 16 | 16.0
Fighting       | 4 5 6 7 9 10 11 14 16 18 | 18.8
Armour         | 6 9 11 12 | 12.8
Dodging        | |  1.5

Action                     |  1- 3 |  4- 6 |  7- 9 | 10-12 | 13-15 || total
---------------------------+-------+-------+-------+-------+-------++-------
  Melee: Mace              |    89 |   113 |       |       |       ||   202
         Dire flail        |       |    22 |   318 |   163 |       ||   503
         Unarmed           |       |     3 |       |       |       ||     3
         Flail             |       |       |       |   326 |   866 ||  1192
         Punch             |       |       |       |     5 |    17 ||    22
  Throw: Dart              |       |       |       |     1 |       ||     1
 Invoke: Berserk           |       |     2 |     2 |     3 |     3 ||    10
         Trog's Hand       |       |       |     1 |     1 |     2 ||     4
         Brothers in Arms  |       |       |       |       |     1 ||     1
    Use: Scroll            |       |     5 |     6 |    10 |     7 ||    28
 Armour: Animal skin       |     9 |       |       |       |       ||     9
         Leather armour    |    27 |    53 |       |       |       ||    80
         Ring mail         |       |     6 |   166 |       |       ||   172
         Chain mail        |       |       |     4 |       |       ||     4
         Plate armour      |       |       |     3 |   328 |   700 ||  1031
  Dodge: Dodged            |    46 |    70 |   164 |   232 |   362 ||   874
  Block: Buckler           |     3 |    12 |       |       |       ||    15
         Other             |       |       |       |       |    87 ||    87
         Reflection        |       |       |       |       |     2 ||     2
